 Dungeon Crawl Stone Soup version 0.26-a0-1012-gedcf9b2963 (webtiles) character file.

Game seed: 2307417058990717762

3576 Ijustatesigmund the Cleaver (level 10, -3/72 HPs)
             Began as an Octopode Fighter on Dec 7, 2020.
             Was a Priest of Cheibriados.
             Slain by a bullfrog (6 damage)
             ... on level 8 of the Dungeon.
             The game lasted 00:19:41 (9417 turns).

Ijustatesigmund the Cleaver (Octopode Fighter)      Turns: 9417, Time: 00:19:43

Health: -3/72      AC:  1    Str: 24    XL:     10   Next: 10%
Magic:  15/15      EV: 15    Int: 29    God:    Cheibriados [***...]
Gold:   450        SH: 12    Dex: 21    Spells: 9/9 levels left

rFire    . . .     SeeInvis .   a - +5 war axe
rCold    . . .     Faith    .   b - +1 kite shield
rNeg     . . .     Spirit   .   (helmet restricted)
rPois    .         Reflect  .   (no amulet)
rElec    .         Harm     .   g - ring of wizardry
rCorr    +         Rampage  .   m - +6 ring of intelligence
Will     .....     Clarity  +   e - ring of resist corrosion
Stlth    +++.......             (no ring)
HPRegen  0.22/turn              (no ring)
MPRegen  0.14/turn              (no ring)
                                (no ring)
                                (no ring)

@: about to teleport, lightly drained, very slow
A: almost no armour, stealthy swim, amphibious, 8 rings, constrict 8, camouflage
1, clarity, clever 2, strong 1, gelatinous body 1, evolution 1, subdued magic 1
a: Bend Time, Temporal Distortion, Renounce Religion


You were on level 8 of the Dungeon.
You worshipped Cheibriados.
Cheibriados was most pleased with you.
You visited 2 branches of the dungeon, and saw 9 of its levels.
You also visited: Bailey.

You collected 450 gold pieces.

Inventory:

Hand Weapons
 a - a +5 war axe (weapon)
 h - a +0 broad axe
 w - a +1 flail of pain
Missiles
 r - 16 poisoned darts (quivered)
Armour
 b - a +1 kite shield (worn)
Jewellery
 e - a ring of resist corrosion (on tentacle)
 g - a ring of wizardry (left tentacle)
 j - an uncursed ring of flight
 m - a +6 ring of intelligence (right tentacle)
Wands
 d - a wand of polymorph (2)
 u - a wand of paralysis (2)
Scrolls
 c - 3 scrolls of teleportation
 i - 2 scrolls of magic mapping
 k - 3 scrolls of identify
 l - a scroll of immolation
 q - 4 scrolls of blinking
 t - 4 scrolls of remove curse
Potions
 f - 2 potions of attraction
 o - a potion of lignification


   Skills:
 + Level 8.0(7.6) Fighting
 + Level 8.4(8.0) Axes
 + Level 5.2(4.8) Dodging
 + Level 5.2(4.8) Shields
 + Level 6.9(6.5) Invocations


You had 9 spell levels left.
You didn't know any spells.
Your spell library contained the following spells:

 Spells                   Type           Power        Failure   Level
 Animate Skeleton         Necr           #.....       13%         1
 Apportation              Tloc           #.....       13%         1
 Corona                   Hex            #......      13%         1
 Summon Small Mammal      Summ           #...         13%         1
 Dazzling Flash           Conj/Hex       #.....       38%         3
 Ozocubu's Refrigeration  Ice            #.........   100%        6


Dungeon Overview and Level Annotations

Branches:
Dungeon (8/15)             Temple (1/1) D:4          Bailey (visited)
   Lair: D:8-11

Altars:
Ashenzari
Cheibriados
Elyvilon
Kikubaaqudgha
Nemelex Xobeh
Sif Muna
Trog
Uskayaw
Vehumet
Wu Jian
Xom
Yredelemnul
The Shining One


Innate Abilities, Weirdness & Mutations

You cannot wear most types of armour.
You are very stealthy in the water. (Stealth+)
You are amphibious.
You can wear up to eight rings at the same time.
You can use your tentacles to constrict eight enemies at once.
Your skin changes colour to match your surroundings (Stealth+).
Your rubbery body absorbs attacks. (AC +1, EV +1)
You possess an exceptional clarity of mind.
Your mind is very acute. (Int +4)
Your muscles are strong. (Str +2)
You evolve.
Your spells are a little easier to cast, but a little less powerful.


Message History

You block the bullfrog's attack.
As you read the scroll of teleportation, it crumbles to dust.
You feel strangely unstable.
The sentinel's mark upon you fades away.
You block the bullfrog's attack.
A bullfrog comes into view.
You block the bullfrog's attack. x2
You barely miss the bullfrog. Your grab misses the bullfrog.
You squeeze the bullfrog!
The bullfrog is severely wounded.
You closely miss the wight. You hit the bullfrog.
You block the bullfrog's attack. x2; The bullfrog hits you!
* * * LOW HITPOINT WARNING * * *
An orc priest comes into view. It is wielding a +0 dagger.
The wight hits you with a +3 long sword!
* * * LOW HITPOINT WARNING * * *
You feel drained.
* * * LOW HITPOINT WARNING * * *
The bullfrog hits you.
You die...

########### #.........#
#####.#######.#
##########.....# #.#
#..........###########.#
#..........# #.........#
#.........## #.#########
#......@zF# #.#
#.....$FF.# #.#
########o## #.# ... #.#
##########.#
#.......##.#
#..........#
#....†..#### #.......##


You could see 3 bullfrogs, a wight and an orc priest.

Vanquished Creatures
  Joseph (D:7)
  Grinder (D:6)
  A hornet (D:8)
  Duvessa (D:6)
  An ice beast (D:6)
  7 orc warriors
  A sky beast (D:8)
  A black bear (D:7)
  2 phantoms (D:6)
  An ogre (D:5)
  A centaur (D:5)
  3 bullfrogs
  Dowan (D:6)
  3 scorpions
  A howler monkey (D:5)
  4 wights (D:7)
  A hound (D:7)
  A jelly (D:7)
  Crazy Yiuf (D:6)
  A centaur skeleton (D:7)
  2 iguanas
  7 orc wizards
  7 worker ants
  A hound skeleton (D:5)
  9 gnolls
  4 adders
  A shadow imp (D:8)
  4 white imps (D:5)
  An ooze (D:2)
  An adder zombie (D:6)
  A worm (D:2)
  2 dart slugs
  7 leopard geckos
  24 orcs
  A ball python (D:1)
  7 bats
  5 giant cockroaches
  12 goblins
  10 hobgoblins
  20 jackals
  19 kobolds
  4 quokkas
  7 frilled lizards
  A jackal skeleton (D:5)
  A quokka skeleton (D:5)
  A quokka zombie (D:6)
  8 rats
201 creatures vanquished.

Notes
Turn   | Place    | Note
-------+----------+-------------------------------------------
     0 | D:1      | Ijustatesigmund the Octopode Fighter began the quest for
                  | the Orb.
     0 | D:1      | Reached XP level 1. HP: 16/16 MP: 1/1
     0 | D:1      | Noticed a felid
     3 | D:1      | Noticed a troll
     3 | D:1      | Noticed a troll
     5 | D:1      | Noticed a spriggan
     8 | D:1      | Noticed a draconian
    11 | D:1      | Noticed a gargoyle
    11 | D:1      | Noticed a draconian
    13 | D:1      | Noticed a troll
    13 | D:1      | Noticed a human
    15 | D:1      | Noticed an octopode
    15 | D:1      | Noticed a minotaur
    17 | D:1      | Noticed a minotaur
    17 | D:1      | Noticed a draconian
    19 | D:1      | Noticed an ogre
    19 | D:1      | Noticed an elf
    21 | D:1      | Noticed a vine stalker
   165 | D:1      | Reached XP level 2. HP: 20/21 MP: 2/2
   708 | D:1      | Reached XP level 3. HP: 24/26 MP: 3/3
  1883 | D:2      | Reached XP level 4. HP: 21/31 MP: 4/4
  2280 | D:2      | Found a faded altar of an unknown god.
  2280 | D:2      | Found a radiant altar of Vehumet.
  2285 | D:2      | Found a broken altar of Ashenzari.
  2287 | D:2      | Found a shimmering altar of Xom.
  2289 | D:2      | Found a shimmering blue altar of Sif Muna.
  3600 | D:3      | Found a glowing golden altar of the Shining One.
  3651 | D:4      | Reached XP level 5. HP: 36/36 MP: 5/5
  3758 | D:4      | Found a staircase to the Ecumenical Temple.
  3773 | D:4      | Gained mutation: Your body sometimes deteriorates upon
                  | taking damage. [potion of mutation]
  3773 | D:4      | Gained mutation: Your mind is acute. (Int +2) [potion of
                  | mutation]
  3773 | D:4      | Gained mutation: You are agile. (Dex +2) [potion of
                  | mutation]
  3773 | D:4      | Gained mutation: Your mind is very acute. (Int +4) [potion
                  | of mutation]
  3778 | D:4      | Reached skill level 5 in Axes
  3780 | D:4      | Reached XP level 6. HP: 44/44 MP: 6/6
  4390 | Temple   | Entered the Ecumenical Temple
  4409 | Temple   | Became a worshipper of Cheibriados the Contemplative
  4457 | D:5      | Entered Level 5 of the Dungeon
  4463 | D:5      | Identified the Compendium of Snow and Execration
  4483 | D:5      | Reached skill level 1 in Invocations
  4580 | D:5      | Found an ancient bone altar of Kikubaaqudgha.
  4789 | D:5      | Reached skill level 5 in Fighting
  4789 | D:5      | Reached XP level 7. HP: 50/50 MP: 8/8
  4794 | D:5      | Found a white marble altar of Elyvilon.
  4967 | D:5      | Found a hide-covered altar of Uskayaw.
  5151 | D:5      | Found a sparkling altar of Nemelex Xobeh.
  5723 | D:6      | Reached XP level 8. HP: 42/57 MP: 10/10
  5845 | D:6      | Reached * piety under Cheibriados
  6241 | D:6      | Lost mutation: You are agile. (Dex +2) [potion of mutation]
  6241 | D:6      | Lost mutation: Your mind is very acute. (Int +4) [potion of
                  | mutation]
  6241 | D:6      | Gained mutation: Your spells are a little easier to cast,
                  | but a little less powerful. [potion of mutation]
  6241 | D:6      | Gained mutation: You evolve. [potion of mutation]
  6241 | D:6      | Gained mutation: You passively map a small area around you.
                  | [potion of mutation]
  6371 | D:6      | Noticed Grinder
  6377 | D:6      | Paralysed by Grinder for 4 turns
  6398 | D:6      | Killed Grinder
  6399 | D:6      | Reached skill level 5 in Invocations
  6476 | D:6      | Gained mutation: You expend magic power (3 MP) to
                  | strengthen your wands. [evolution]
  6476 | D:6      | Lost mutation: You evolve. [end of evolution]
  6482 | D:6      | Lost mutation: Your body sometimes deteriorates upon taking
                  | damage. [potion of mutation]
  6482 | D:6      | Lost mutation: You passively map a small area around you.
                  | [potion of mutation]
  6482 | D:6      | Lost mutation: You expend magic power (3 MP) to strengthen
                  | your wands. [potion of mutation]
  6482 | D:6      | Gained mutation: You possess an exceptional clarity of
                  | mind. [potion of mutation]
  6482 | D:6      | Gained mutation: You evolve. [potion of mutation]
  6482 | D:6      | Gained mutation: Your mind is very acute. (Int +4) [potion
                  | of mutation]
  6534 | D:6      | Noticed Duvessa
  6534 | D:6      | Noticed Dowan
  6635 | D:7      | Noticed Joseph
  6662 | D:7      | Killed Joseph
  6663 | D:7      | Reached XP level 9. HP: 64/64 MP: 11/13
  6834 | D:7      | Found a flagged portal.
  6848 | Bailey   | Entered a bailey
  7129 | Bailey   | Reached ** piety under Cheibriados
  7779 | Bailey   | Gained mutation: Your muscles are strong. (Str +2)
                  | [evolution]
  8800 | D:6      | Killed Duvessa
  8804 | D:6      | Killed Dowan
  9046 | D:6      | Found a runed translucent door.
  9047 | D:6      | Noticed Crazy Yiuf
  9051 | D:6      | Killed Crazy Yiuf
  9100 | D:8      | Reached *** piety under Cheibriados
  9401 | D:8      | Noticed a hornet
  9405 | D:8      | Reached skill level 5 in Dodging
  9405 | D:8      | Reached skill level 5 in Shields
  9405 | D:8      | Reached XP level 10. HP: 60/72 MP: 15/15
  9417 | D:8      | HP: 3/72 [wight/+3 long sword (4)]
  9417 | D:8      | Slain by a bullfrog

Illustrated notes

Levels and vault maps discovered:
D:1:      shiori_arrival_whats_in_store_for_you, layout_loops_ring
D:2:      layout_loops_ring, chequers_temple_overflow_minitemple,
          minmay_misc_feat_iff, chequers_serial_rivers_micro_e,
          corexii_corridor_pit
D:3:      layout_loops_corners, lemuel_round_altar
D:4:      layout_rooms, minmay_temple_entry_mist, serial_rivers,
          chequers_serial_rivers_large_b, chequers_serial_rivers_room_a,
          chequers_serial_rivers_large_a, chequers_serial_rivers_room_a
D:5:      layout_basic, kennysheep_mini_moat, overflow_temple_1_default,
          kiku_gazebo_pond_becter, hangedman_decor_clover_reticule,
          nemelex_diamond_rough_becter
D:6:      layout_cave_pools, eino_curves_02, uniq_crazy_yiuf_cottage,
          uniq_grinder, uniq_duvessa
D:7:      layout_basic, grunt_dithmenos_smoke_and_mirrors, enter_bailey_5,
          uniq_joseph
D:8:      layout_basic, uniq_harold
Temple:   nicolae_temple_god_jail

Skill      XL: |  1  2  3  4  5  6  7  8  9 10 |
---------------+-------------------------------+-----
Axes           | 3 4 5 6 7 8 |  8.4
Fighting       | 4 5 7 8 |  8.0
Invocations    | 2 3 5 6 |  6.9
Dodging        | 5 |  5.2
Shields        | 5 |  5.2

Action                   |  1- 3 |  4- 6 |  7- 9 | 10-12 || total
-------------------------+-------+-------+-------+-------++-------
Melee: War axe           |    84 |    34 |   164 |    10 ||   292
       Constrict         |    23 |    20 |    45 |     2 ||    90
       Tentacles         |    14 |    17 |    51 |     5 ||    87
       Hand axe          |       |    72 |    70 |       ||   142
Throw: Dart              |       |     6 |    38 |       ||    44
Evoke: Wand              |       |       |     7 |       ||     7
  Use: Scroll            |       |    11 |     8 |     1 ||    20
       Potion            |       |     1 |    15 |     1 ||    17
 Stab: Sleeping          |     3 |     8 |     5 |       ||    16
       Distracted        |       |     2 |     1 |       ||     3
       Paralysed         |       |       |     5 |       ||     5
Armor: Skin              |    11 |     5 |    49 |       ||    65
Dodge: Dodged            |    34 |    45 |    97 |     7 ||   183
Block: Kite shield       |    29 |    40 |   149 |    15 ||   233

Table legend: (Time is in decaauts)
 A = Elapsed time spent in this place.
 B = Non-inter-level travel time spent in this place.
 C = Inter-level travel time spent in this place.
 D = Time resting spent in this place.
 E = Time spent auto-exploring this place.
 F = Levels seen in this place.
 G = Mean time per level.
                   A        B        C        D        E       F      G
               +--------+--------+--------+--------+--------+-----+--------+
         Total |  10249 |  10021 |    228 |   2578 |   5821 |  10 | 1024.9 |
       Dungeon |   8797 |   8585 |    212 |   1739 |   5618 |   8 | 1099.6 |
        Temple |     35 |     19 |     16 |      0 |     14 |   1 |   35.0 |
        Bailey |   1416 |   1416 |      0 |    838 |    189 |   1 | 1416.0 |
               +--------+--------+--------+--------+--------+-----+--------+

Top non-repeatable levels by time:
     D:6: 1731 daAuts
  Bailey: 1416 daAuts
     D:2: 1371 daAuts
     D:5: 1369 daAuts
     D:1: 1363 daAuts
     D:3: 959 daAuts
     D:7: 823 daAuts
     D:4: 794 daAuts
     D:8: 385 daAuts
  Temple: 35 daAuts
